[Event "Titled Tuesday Blitz February 01 B 2022"]
[White "Turski, Bartlomiej"]
[Black "Pranav, V"]
[WhiteFideId "21810567"]
[BlackFideId "25060783"]
[WhiteElo "1935"]
[BlackElo "2349"]
[Result "0-1"]
[Round "06"]
[TimeControl "180+1"]
[Date "2022.02.01"]
[WhiteClock "0:00:09"]
[BlackClock "0:01:33"]

1. e4 e5 2. Nf3 Nf6 3. Nxe5 d6 4. Nf3 Nxe4 5. Nc3 Nxc3 6. dxc3 d5 7. Bd3 Be7 8. Bf4 O-O 9. Qd2 Nd7 10. O-O-O Nc5 11. h4 c6 12. Ng5 h6 13. f3 a5 14. g4 a4 15. Nh7 Re8 16. Bxh6 Nxd3+ 17. cxd3 Kxh7 18. g5 gxh6 19. gxh6 Bf8 20. Kb1 a3 21. Rdg1 Bxh6 22. Qf2 Qf6 23. Rh2 Bf5 24. Kc2 axb2 25. Rhg2 b1=Q+ 0-1


[Site "https://www.chess.com"]

[Event "Titled Tuesday Blitz February 01 B 2022"]
[White "Urazayev, Arystanbek"]
[Black "Potapova, Margarita"]
[WhiteFideId "13709810"]
[BlackFideId "14126869"]
[WhiteElo "2321"]
[BlackElo "2209"]
[Result "1-0"]
[Round "06"]
[TimeControl "180+1"]
[Date "2022.02.01"]
[WhiteClock "0:01:02"]
[BlackClock "0:00:04"]

1. e4 c5 2. Nf3 d6 3. d4 cxd4 4. Nxd4 Nf6 5. Nc3 a6 6. Rg1 e5 7. Nb3 Be6 8. g4 d5 9. exd5 Nxd5 10. Nxd5 Qxd5 11. Qxd5 Bxd5 12. Be3 Nc6 13. O-O-O O-O-O 14. Bb6 Rd7 15. a3 Be7 16. g5 Be6 17. Rxd7 Bxd7 18. Bc4 f6 19. gxf6 Bxf6 20. Nc5 Bf5 21. c3 h6 22. Bd3 Bxd3 23. Nxd3 e4 24. Nc5 Re8 25. Re1 Ne5 26. Rxe4 Nd3+ 27. Kc2 Ne1+ 28. Kd1 Rxe4 29. Nxe4 Nf3 30. Nxf6 gxf6 31. Be3 h5 32. Bf4 Kd7 33. Ke2 Nh4 34. c4 Ng6 35. Bb8 Kc6 36. b4 Kd7 37. Ke3 Ke6 38. Kd4 b6 39. Bc7 b5 40. cxb5 axb5 41. Kc5 Nh4 42. Kxb5 Kd7 43. Bg3 Nf3 44. a4 h4 45. Bf4 Nd4+ 46. Kb6 Ne6 47. Be3 f5 48. a5 f4 49. Bc1 f3 50. Be3 Nc7 51. Kb7 Nd5 52. Bc5 Nf6 53. a6 Ng4 54. a7 Nxh2 55. a8=Q 1-0


[Site "https://www.chess.com"]

[Event "Titled Tuesday Blitz February 01 B 2022"]
[White "Van Foreest, Jorden"]
[Black "Kravtsiv, Martyn"]
[WhiteFideId "1039784"]
[BlackFideId "14113147"]
[WhiteElo "2609"]
[BlackElo "2694"]
[Result "1-0"]
[Round "06"]
[TimeControl "180+1"]
[Date "2022.02.01"]
[WhiteClock "0:00:09"]
[BlackClock "0:00:01"]

1. e4 e5 2. Nf3 Nc6 3. c3 d5 4. Qa4 Qd6 5. d3 Nf6 6. Bg5 Be7 7. Nbd2 O-O 8. Be2 Be6 9. O-O Nd7 10. exd5 Bxd5 11. Ne4 Bxe4 12. Bxe7 Qxe7 13. dxe4 Nc5 14. Qc2 a6 15. Rad1 Ne6 16. g3 Rfd8 17. Bc4 Rxd1 18. Rxd1 Rd8 19. Rd5 Ng5 20. Nd2 Qf6 21. Kg2 Ne6 22. Nf3 h6 23. h4 Rd6 24. b4 Nf8 25. a4 Nd7 26. Qb3 Nb6 27. Rxd6 cxd6 28. a5 Nxc4 29. Qxc4 Qe6 30. Qxe6 fxe6 31. Ne1 d5 32. Nd3 d4 33. c4 Kf7 34. f4 Kf6 35. Kf3 exf4 36. gxf4 e5 37. fxe5+ Nxe5+ 38. Nxe5 Kxe5 39. h5 Kf6 40. Ke2 g5 41. hxg6 h5 42. b5 h4 43. c5 h3 44. c6 bxc6 45. e5+ Kxg6 46. bxc6 h2 47. c7 h1=Q 48. c8=Q Qe4+ 49. Kd2 Qe3+ 50. Kd1 Qxe5 51. Qxa6+ Kf5 52. Qd3+ Ke6 53. a6 Qa5 54. Qg6+ Kd7 55. Qf7+ Kd6 56. a7 1-0


[Site "https://www.chess.com"]

[Event "Titled Tuesday Blitz February 01 B 2022"]
[White "Zhigalko, Sergei"]
[Black "Nepomniachtchi, Ian"]
[WhiteFideId "13502956"]
[BlackFideId "4168119"]
[WhiteElo "2662"]
[BlackElo "2740"]
[Result "1-0"]
[Round "06"]
[TimeControl "180+1"]
[Date "2022.02.01"]
[WhiteClock "0:00:03"]
[BlackClock "0:00:07"]

1. e4 c5 2. Nf3 e6 3. c3 d5 4. e5 d4 5. Bd3 Bd7 6. O-O Bc6 7. Re1 Ne7 8. b4 Ng6 9. b5 Bd5 10. c4 Bxf3 11. Qxf3 Nd7 12. Bxg6 hxg6 13. Qxb7 Rh5 14. f4 Rb8 15. Qf3 Rxh2 16. Qg3 Rh5 17. d3 Be7 18. Qf3 Qa5 19. Re2 Qa4 20. Nd2 a6 21. bxa6 Qxa6 22. a4 f5 23. exf6 gxf6 24. a5 Kf7 25. Ne4 Rbh8 26. Ng3 Rh4 27. Bd2 Bd8 28. Rb1 Bc7 29. Qb7 Qd6 30. Ne4 Qe7 31. a6 g5 32. a7 gxf4 33. Qxc7 Rh1+ 34. Kf2 Rxb1 35. Qxf4 Rhh1 36. Ng5+ Kg6 37. Kg3 e5 38. Qe4+ f5 39. a8=Q fxe4 40. Qxe4+ Kg7 41. Rf2 Rbf1 42. Qf5 Rxf2 43. Kxf2 Qf6 44. Ne6+ Kf7 45. Nd8+ Ke7 46. Bg5 Rh6 47. Ke2 Kxd8 48. Bxf6+ Rxf6 49. Qh3 Ke7 50. Qh7+ Rf7 51. Qe4 Rf4 52. Qh7+ Rf7 53. Qh6 Rf6 54. Qg5 Kf7 55. g4 Rg6 56. Qf5+ Nf6 57. g5 Ke7 58. gxf6+ Rxf6 59. Qg5 Ke6 60. Qg8+ Kf5 61. Qd5 Rh6 62. Qf3+ Kg5 63. Qg3+ Kf5 64. Qf3+ Kg5 65. Qd5 Rh2+ 66. Ke1 Kf5 67. Qe4+ Kf6 68. Qc6+ Kf5 69. Qxc5 Rh3 70. Kd2 Rh2+ 71. Kd1 Rh3 72. Kc2 Rh2+ 73. Kc1 Rh1+ 74. Kb2 Rh2+ 75. Kc1 Rh1+ 76. Kd2 Rh2+ 77. Ke1 Rh1+ 78. Kf2 Rh2+ 79. Kg1 Rd2 80. Qe7 Kf4 81. Qf6+ Ke3 82. Qxe5+ Kxd3 83. c5 Rc2 84. Qf5+ Kd2 85. c6 d3 86. c7 Rc1+ 87. Kf2 Rc2 88. c8=Q Kc1+ 89. Qxc2+ dxc2 90. Ke2 Kb2 91. Qb5+ Ka1 92. Kd2 Ka2 93. Kxc2 Ka3 94. Qb3# 1-0


[Site "https://www.chess.com"]

[Event "Titled Tuesday Blitz February 01 B 2022"]
[White "Andreikin, Dmitry"]
[Black "Drygalov, Andrey"]
[WhiteFideId "4158814"]
[BlackFideId "24171735"]
[WhiteElo "2736"]
[BlackElo "2540"]
[Result "1-0"]
[Round "07"]
[TimeControl "180+1"]
[Date "2022.02.01"]
[WhiteClock "0:00:04"]
[BlackClock "0:00:03"]

1. d4 Nf6 2. c4 e6 3. Nc3 Bb4 4. a3 Bxc3+ 5. bxc3 c5 6. e3 Nc6 7. Bd3 d6 8. Ne2 O-O 9. Ng3 e5 10. O-O cxd4 11. cxd4 exd4 12. exd4 d5 13. Rb1 dxc4 14. Bxc4 Qxd4 15. Qxd4 Nxd4 16. Bb2 Nc6 17. Rfc1 Na5 18. Ba2 Be6 19. Bxe6 fxe6 20. Bc3 b6 21. Bxa5 bxa5 22. h3 Rac8 23. Re1 Rfe8 24. Rb5 Rc7 25. Rxa5 Kf7 26. Nf1 Rd8 27. Nh2 Rd5 28. Ra6 e5 29. Nf1 e4 30. Ne3 Rdc5 31. Rd1 h5 32. h4 Rc1 33. Rxc1 Rxc1+ 34. Kh2 Rc7 35. Kg3 Nd7 36. Nd5 Rb7 37. Kf4 Nc5 38. Ra5 Nd3+ 39. Ke3 Ne5 40. Kxe4 Nc4 41. Ra6 Rd7 42. Nf4 Nd6+ 43. Kf3 g6 44. g3 Kf6 45. Nd5+ Ke5 46. Nb4 Nc4 47. Rxg6 a5 48. Nc6+ Kd5 49. Rh6 Rf7+ 50. Kg2 Kc5 51. Nxa5 Nxa5 52. Rxh5+ Kb6 53. Rg5 Nc4 54. h5 Nd2 55. f4 Re7 56. h6 Re2+ 57. Kh3 Nf3 58. Rh5 Re8 59. h7 Rh8 60. Kg4 Nd4 61. Kg5 Kc6 62. Kf6 Kd6 63. Kg7 Ra8 64. h8=Q Ne6+ 65. Kf6 Ra7 66. Qe8 Nc7 67. Qe7+ Kc6 68. Qe4+ Kb6 69. Re5 Rxa3 70. Qb4+ Kc6 71. Qxa3 1-0


[Site "https://www.chess.com"]

[Event "Titled Tuesday Blitz February 01 B 2022"]
[White "Corrales Jimenez, Fidel"]
[Black "Beerdsen, Thomas"]
[WhiteFideId "3506690"]
[BlackFideId "1030108"]
[WhiteElo "2541"]
[BlackElo "2585"]
[Result "0-1"]
[Round "07"]
[TimeControl "180+1"]
[Date "2022.02.01"]
[WhiteClock "0:00:04"]
[BlackClock "0:00:26"]

1. e4 e5 2. Nf3 Nc6 3. Bb5 f5 4. d3 fxe4 5. dxe4 Nf6 6. Nc3 Bb4 7. Qd3 Bxc3+ 8. bxc3 d6 9. c4 O-O 10. c5 Kh8 11. cxd6 cxd6 12. O-O Bg4 13. c4 Bxf3 14. Qxf3 Nd4 15. Qd3 Nh5 16. Be3 Nf4 17. Qd1 Qg5 18. g3 Nde2+ 19. Kh1 Qh5 20. f3 Nxg3+ 21. Kg1 Nxf1 22. Qxf1 Nh3+ 23. Kg2 Ng5 24. Bxg5 Qxg5+ 25. Kh1 Qe3 26. Re1 Qxf3+ 27. Qxf3 Rxf3 28. Rd1 Rf6 29. Kg2 Raf8 30. Bd7 g6 31. h3 Kg7 32. Rd2 Rd8 33. Bg4 Rf4 34. c5 Rxe4 35. Rb2 dxc5 36. Rxb7+ Kh6 37. Bf3 Rd2+ 38. Kf1 Rf4 39. Ke1 Rxa2 40. Bd5 Rh2 41. Bg8 Kg5 42. Rxh7 Rb4 43. h4+ Rbxh4 44. Re7 Rb4 45. Rxe5+ Kf4 46. Rd5 Rb1+ 47. Rd1 Rh1+ 48. Ke2 Rhxd1 49. Bc4 Rd4 50. Bd3 Rb2+ 51. Ke1 Rxd3 0-1


[Site "https://www.chess.com"]

[Event "Titled Tuesday Blitz February 01 B 2022"]
[White "Deac, Bogdan-Daniel"]
[Black "Pranav, V"]
[WhiteFideId "1226380"]
[BlackFideId "25060783"]
[WhiteElo "2646"]
[BlackElo "2349"]
[Result "1-0"]
[Round "07"]
[TimeControl "180+1"]
[Date "2022.02.01"]
[WhiteClock "0:00:06"]
[BlackClock "0:00:01"]

1. e4 e5 2. Nf3 Nc6 3. Bb5 a6 4. Ba4 d6 5. O-O Bd7 6. d4 exd4 7. Nxd4 b5 8. Nxc6 Bxc6 9. Bb3 Nf6 10. Re1 Be7 11. Qd4 O-O 12. c4 Nd7 13. Nc3 Bf6 14. Qd1 Nc5 15. f3 b4 16. Nd5 a5 17. Rb1 Re8 18. Nxf6+ Qxf6 19. Bc2 a4 20. Be3 Ne6 21. Qd2 h6 22. Qxb4 Reb8 23. Qd2 g5 24. b4 axb3 25. axb3 Ra2 26. e5 dxe5 27. Bh7+ Kxh7 28. Qxa2 e4 29. fxe4 Bxe4 30. Rbd1 Qc3 31. Bf2 Bg6 32. Re3 Qf6 33. Qe2 Nf4 34. Qf3 Bh5 35. g4 Bg6 36. Bg3 h5 37. Rf1 hxg4 38. Qxg4 Bf5 39. Qf3 Rg8 40. h4 Bh3 41. Qe4+ Bf5 42. hxg5 Bxe4 43. gxf6 Nh3+ 44. Kh2 Ng5 45. Rf4 Bc6 46. Bh4 Ne6 47. Rf2 Rg6 48. Rh3 Kg8 49. Rg3 Kf8 50. Rxg6 fxg6 51. f7 g5 52. Bg3 Nd4 53. Bxc7 Nf3+ 54. Kg3 g4 55. Kxg4 1-0


[Site "https://www.chess.com"]

[Event "Titled Tuesday Blitz February 01 B 2022"]
[White "Dourerassou, Jonathan"]
[Black "Sanchez Gonzalez, Sergio"]
[WhiteFideId "628050"]
[BlackFideId "2273020"]
[WhiteElo "2513"]
[BlackElo "2288"]
[Result "1-0"]
[Round "07"]
[TimeControl "180+1"]
[Date "2022.02.01"]
[WhiteClock "0:00:55"]
[BlackClock "0:00:07"]

1. f4 d5 2. Nf3 Bg4 3. e3 Nd7 4. Be2 Bxf3 5. Bxf3 c6 6. b3 e5 7. fxe5 Nxe5 8. Bb2 Bd6 9. O-O Nf6 10. Nc3 O-O 11. Qe1 Qc7 12. Qh4 h6 13. Ne2 Nh7 14. Nd4 Ng5 15. Be2 Ng6 16. Qh5 Be5 17. Bd3 Ne4 18. Bxe4 dxe4 19. Rf5 Qe7 20. Bc3 c5 21. Ne2 Bxc3 22. Nxc3 Rad8 23. Nd5 Qe6 24. c4 b6 25. Raf1 Rd7 26. h3 Rfd8 27. R1f2 a6 28. Qg4 Ne7 29. Nf6+ Kh8 30. Nxd7 Nxf5 31. Nxb6 Qxb6 32. Qxf5 Qb7 33. Qxc5 Kg8 34. Qf5 Qd7 35. Qxe4 a5 36. d4 a4 37. d5 axb3 38. axb3 Re8 39. Qd4 Qb7 40. d6 Qxb3 41. d7 Rd8 42. Qd5 Qb1+ 43. Rf1 Qg6 44. c5 Kh7 45. c6 Qg3 46. Qe4+ Kg8 47. Qe8+ 1-0


[Site "https://www.chess.com"]

[Event "Titled Tuesday Blitz February 01 B 2022"]
[White "Fishbein, Alexander"]
[Black "Ramirez, Alejandro"]
[WhiteFideId "2000377"]
[BlackFideId "6500617"]
[WhiteElo "2442"]
[BlackElo "2694"]
[Result "1/2-1/2"]
[Round "07"]
[TimeControl "180+1"]
[Date "2022.02.01"]
[WhiteClock "0:00:16"]
[BlackClock "0:00:15"]

1. e4 c5 2. Nf3 e6 3. d4 cxd4 4. Nxd4 Nc6 5. Nc3 Qc7 6. g3 a6 7. Bg2 d6 8. O-O Bd7 9. Nb3 Nf6 10. a4 b6 11. f4 Be7 12. e5 dxe5 13. fxe5 Qxe5 14. Bf4 Qh5 15. Bf3 Qg6 16. Bd6 Rd8 17. Bxe7 Nxe7 18. Qe2 O-O 19. Rad1 a5 20. Qf2 Ned5 21. Nxd5 Nxd5 22. Bxd5 exd5 23. Nd4 Bxa4 24. Rde1 Bd7 25. Re5 Rfe8 26. Rfe1 Rxe5 27. Rxe5 Qd6 28. Re1 g6 29. c3 Re8 30. Rxe8+ Bxe8 31. Qe3 Bd7 32. h4 h5 33. Kh2 Kg7 34. Nf3 Bf5 35. Qd4+ Kg8 36. Ne5 Qe6 37. Qf4 Kg7 38. Nf3 Qe2+ 39. Kg1 Be4 40. Qe5+ Kg8 41. Qe8+ Kg7 42. Qe5+ Kf8 43. Qd6+ Kg8 44. Qb8+ Kg7 45. Qe5+ 1/2-1/2


[Site "https://www.chess.com"]

[Event "Titled Tuesday Blitz February 01 B 2022"]
[White "Garcia Martin, Marta"]
[Black "Larino Nieto, David"]
[WhiteFideId "32084030"]
[BlackFideId "2256444"]
[WhiteElo "2102"]
[BlackElo "2532"]
[Result "1-0"]
[Round "07"]
[TimeControl "180+1"]
[Date "2022.02.01"]
[WhiteClock "0:00:24"]
[BlackClock "0:00:01"]

1. Nf3 e6 2. e3 b6 3. b3 Bb7 4. Bb2 Nf6 5. Be2 Be7 6. c4 c5 7. Nc3 O-O 8. Qc2 Nc6 9. a3 d5 10. cxd5 exd5 11. d4 Rc8 12. dxc5 bxc5 13. O-O d4 14. Rad1 h6 15. Rfe1 Re8 16. Na4 Qd5 17. Bc4 Qh5 18. exd4 Nxd4 19. Nxd4 cxd4 20. Rxd4 Qg5 21. g3 Qh5 22. Qd1 Qh3 23. Bf1 Qf5 24. Bg2 Bxg2 25. Kxg2 Bf8 26. Rxe8 Rxe8 27. Qf3 Qe6 28. Rd3 Ng4 29. h3 Ne5 30. Bxe5 Qxe5 31. b4 Re6 32. Nc3 Rf6 33. Qe3 Qc7 34. Nd5 Qc6 35. b5 Qb7 36. Qe4 Rb6 37. a4 a6 38. bxa6 1-0


[Site "https://www.chess.com"]

[Event "Titled Tuesday Blitz February 01 B 2022"]
[White "Garriga Cazorla, Pere"]
[Black "Sadhwani, Raunak"]
[WhiteFideId "32011601"]
[BlackFideId "35093487"]
[WhiteElo "2458"]
[BlackElo "2616"]
[Result "0-1"]
[Round "07"]
[TimeControl "180+1"]
[Date "2022.02.01"]
[WhiteClock "0:00:04"]
[BlackClock "0:00:06"]

1. d4 Nf6 2. c4 g6 3. Nc3 Bg7 4. e4 d6 5. h3 O-O 6. Be3 Nbd7 7. g4 e5 8. d5 Nc5 9. f3 a5 10. Nge2 c6 11. Ng3 cxd5 12. cxd5 Bd7 13. Qd2 Rc8 14. Be2 a4 15. h4 Qa5 16. Rc1 a3 17. b3 Bxg4 18. Rb1 Nd3+ 19. Bxd3 Qxc3 20. fxg4 Nxg4 21. Nf1 f5 22. Qxc3 Rxc3 23. Kd2 Rfc8 24. Rg1 h5 25. Rxg4 fxg4 26. Bc4 R3xc4 27. bxc4 Rxc4 28. Kd3 Rc7 29. Nd2 Bf6 30. Nc4 Bxh4 31. Nxd6 Bf6 32. Rf1 Be7 33. Nb5 Rd7 34. Bb6 g3 35. Bc7 Bc5 36. Bxe5 g2 37. Rb1 g1=Q 38. Rxg1 Bxg1 39. Nd4 Bxd4 40. Kxd4 g5 41. Bf6 g4 42. Bh4 Rf7 43. e5 Rf4+ 44. Kc5 Rf3 45. e6 g3 46. d6 g2 47. d7 g1=Q+ 48. Kb5 Qf1+ 49. Kb6 Qb1+ 50. Ka7 Qg1+ 51. Ka8 Qd4 52. d8=N Qxd8+ 53. Bxd8 Rf8 0-1


[Site "https://www.chess.com"]

[Event "Titled Tuesday Blitz February 01 B 2022"]
[White "Holt, Conrad"]
[Black "Grigoriants, Sergey"]
[WhiteFideId "2034387"]
[BlackFideId "4130804"]
[WhiteElo "2586"]
[BlackElo "2502"]
[Result "1-0"]
[Round "07"]
[TimeControl "180+1"]
[Date "2022.02.01"]
[WhiteClock "0:01:59"]
[BlackClock "0:00:43"]

1. d4 Nf6 2. c4 e6 3. Nc3 Bb4 4. Qc2 b6 5. e4 c5 6. a3 cxd4 7. axb4 dxc3 8. e5 Ng8 9. Qe4 Nc6 10. bxc3 Bb7 11. Qg4 Nxe5 12. Qxg7 Qf6 13. Bh6 Ng4 14. Qf8# 1-0


[Site "https://www.chess.com"]

[Event "Titled Tuesday Blitz February 01 B 2022"]
[White "Jobava, Baadur"]
[Black "Abdrlauf, Elham"]
[WhiteFideId "13601520"]
[BlackFideId "1533533"]
[WhiteElo "2617"]
[BlackElo "2334"]
[Result "1-0"]
[Round "07"]
[TimeControl "180+1"]
[Date "2022.02.01"]
[WhiteClock "0:01:02"]
[BlackClock "0:00:01"]

1. b3 e5 2. Bb2 Nc6 3. Nf3 e4 4. Nd4 Nf6 5. e3 Nxd4 6. Bxd4 Be7 7. c4 O-O 8. Nc3 c5 9. Be5 d6 10. Bg3 Bf5 11. Bh4 d5 12. Bxf6 Bxf6 13. cxd5 Qa5 14. Qc2 Rad8 15. Rd1 Bg4 16. Be2 Bxe2 17. Kxe2 Qa6+ 18. Ke1 Bxc3 19. dxc3 Qg6 20. g3 Rd6 21. c4 h5 22. h4 Rf6 23. Rd2 Rd8 24. Kd1 Qf5 25. Kc1 a6 26. Rhd1 Rdd6 27. Kb1 Qe5 28. Qb2 Qf5 29. a4 a5 30. Qc3 b6 31. Kb2 g6 32. Ka2 Qg4 33. Qe5 Qf3 34. Rg1 Qg4 35. Kb2 Kh7 36. Kc3 Kg8 37. Kc2 Kh7 38. Re1 Kg8 39. Rde2 Kh7 40. Kd2 Kg8 41. Rg1 Kh7 42. Ke1 Kg8 43. Rh1 Kh7 44. Qg5 Qf3 45. Rh2 Rf5 46. Qe7 Rff6 47. Qe5 Qg4 48. Kf1 Kg8 49. Qg5 Qf3 50. Rg2 Kf8 51. g4 Qh3 52. gxh5 Rf5 53. Qg3 Qxg3 54. Rxg3 Rxh5 55. Rg4 f5 56. Rf4 Kg7 57. Kg2 Kf6 58. f3 g5 59. hxg5+ Rxg5+ 60. Kf2 exf3 61. Kxf3 Ke5 62. e4 Rd8 63. exf5+ 1-0


[Site "https://www.chess.com"]

[Event "Titled Tuesday Blitz February 01 B 2022"]
[White "Jones, Gawain C B"]
[Black "Martinez Alcantara, Jose Eduardo"]
[WhiteFideId "409561"]
[BlackFideId "3805662"]
[WhiteElo "2657"]
[BlackElo "2690"]
[Result "0-1"]
[Round "07"]
[TimeControl "180+1"]
[Date "2022.02.01"]
[WhiteClock "0:00:04"]
[BlackClock "0:00:12"]

1. Nf3 c5 2. g3 Nc6 3. Bg2 g6 4. O-O Bg7 5. c3 e5 6. d3 Nge7 7. e4 O-O 8. Qe2 d6 9. a3 h6 10. b4 Be6 11. Be3 b6 12. Nbd2 Rc8 13. b5 Nd4 14. cxd4 cxd4 15. Bxd4 exd4 16. Nc4 Bxc4 17. dxc4 d3 18. Qxd3 Bxa1 19. Rxa1 Qc7 20. Bf1 Qc5 21. Qd2 Kh7 22. Bd3 Ng8 23. Qf4 Rce8 24. a4 Kg7 25. Qd2 Kh7 26. Qb2 Re6 27. a5 Nf6 28. Nd4 Ree8 29. Nb3 Qe5 30. Qxe5 dxe5 31. Kf1 Rc8 32. Ke2 Rc7 33. f3 Rd8 34. Ke3 Nd7 35. Be2 Nf8 36. c5 bxc5 37. Bc4 Rb8 38. Rd1 Ne6 39. Rd5 Nd4 40. Nxc5 Rbc8 41. b6 axb6 42. axb6 Rxc5 43. b7 Rxc4 44. bxc8=Q Rxc8 45. Rxe5 Ne6 46. h4 Rc3+ 47. Kf2 Rc2+ 48. Ke3 Rc3+ 49. Kf2 Nd4 50. f4 Rf3+ 51. Kg2 Re3 52. h5 gxh5 53. Kf2 Re2+ 54. Kf1 Kg7 55. Rxh5 Rxe4 56. Kg2 f5 57. Rh1 Re2+ 58. Kf1 Ra2 59. Rh4 Nf3 60. Rh5 Kg6 61. g4 fxg4 62. Rb5 Ra1+ 63. Kf2 h5 64. Kg3 Rg1+ 65. Kf2 Rh1 66. Kg2 Rh2+ 67. Kg3 Rh3+ 68. Kg2 Nh4+ 69. Kf2 Rf3+ 70. Kg1 Rxf4 71. Kh2 Rf3 72. Rb6+ Kg5 73. Rb5+ Nf5 74. Kg2 Rf4 75. Rb8 h4 76. Rg8+ Kf6 77. Rf8+ Kg7 78. Ra8 h3+ 79. Kg1 Rb4 80. Ra7+ Kg6 81. Ra2 Kg5 82. Kf2 Kh4 83. Ra8 Rb2+ 84. Ke1 Kg3 85. Ra3+ Kg2 86. Kd1 Rf2 0-1


[Site "https://www.chess.com"]

[Event "Titled Tuesday Blitz February 01 B 2022"]
[White "Kobalia, Mikhail"]
[Black "Riehle, Marco"]
[WhiteFideId "4119150"]
[BlackFideId "12904392"]
[WhiteElo "2667"]
[BlackElo "2462"]
[Result "1/2-1/2"]
[Round "07"]
[TimeControl "180+1"]
[Date "2022.02.01"]
[WhiteClock "0:00:05"]
[BlackClock "0:00:39"]

1. e4 e5 2. Nf3 Nf6 3. Nxe5 Nxe4 4. Qe2 Qe7 5. Qxe4 d6 6. d4 dxe5 7. Qxe5 Qxe5+ 8. dxe5 Bf5 9. Nc3 Nc6 10. Be3 O-O-O 11. Bg5 Rd7 12. Bb5 Bxc2 13. O-O Bd3 14. Bxc6 bxc6 15. Rfe1 c5 16. Rac1 c4 17. e6 fxe6 18. Rxe6 Bc5 19. Be3 Bb6 20. Re1 Kb7 21. h3 Rf8 22. a3 Rf5 23. Bxb6 axb6 24. Re7 Rf7 25. Rxf7 Rxf7 26. f3 c6 27. Kf2 b5 28. Re8 Rd7 29. h4 h6 30. h5 Kb6 31. g4 Bc2 32. Re2 Bd3 33. Re6 Kc5 34. Ke3 Bc2 35. Re8 Rd3+ 36. Ke2 Rd7 37. f4 Rd3 38. Re7 Rh3 39. Rxg7 Bd3+ 40. Kf2 Rh2+ 41. Ke3 Rxb2 42. g5 hxg5 43. fxg5 Rc2 44. Ne4+ Bxe4 45. Kxe4 Re2+ 46. Kf3 Rh2 47. h6 c3 48. Re7 c2 49. Re1 Kc4 50. Kg3 Rh5 51. Kg4 Rh2 52. Kg3 Rh5 53. Kg4 Rh2 54. Kg3 1/2-1/2


[Site "https://www.chess.com"]

[Event "Titled Tuesday Blitz February 01 B 2022"]
[White "Lenderman, Aleksandr"]
[Black "Sviridov, Valery"]
[WhiteFideId "2021285"]
[BlackFideId "4120680"]
[WhiteElo "2651"]
[BlackElo "2454"]
[Result "1/2-1/2"]
[Round "07"]
[TimeControl "180+1"]
[Date "2022.02.01"]
[WhiteClock "0:00:05"]
[BlackClock "0:00:20"]

1. d4 g6 2. c4 Bg7 3. Nf3 d6 4. g3 Nf6 5. Bg2 O-O 6. Nc3 Nbd7 7. O-O e5 8. e4 Re8 9. h3 c6 10. Be3 exd4 11. Nxd4 a5 12. Qc2 Nc5 13. Rad1 Qe7 14. Rfe1 a4 15. b4 axb3 16. axb3 Na6 17. Bf4 Nd7 18. Qd2 Ne5 19. Bg5 Qc7 20. Be3 h5 21. f4 Nd7 22. Bf2 Ndc5 23. Rb1 Rd8 24. b4 Ne6 25. Nf3 Qe7 26. Bb6 Re8 27. f5 Nf8 28. Bd4 Nd7 29. Bxg7 Kxg7 30. fxg6 fxg6 31. Red1 Ne5 32. Nxe5 dxe5 33. Qd6 Qxd6 34. Rxd6 Be6 35. b5 cxb5 36. Rxb5 Rab8 37. Rxe5 Bxc4 38. Rxe8 Rxe8 39. Rd7+ Kh6 40. Rxb7 Be6 41. Rb6 Nc5 42. Ne2 Bd7 43. Nf4 Ne6 44. e5 h4 45. Nxe6 Rxe6 46. Rxe6 Bxe6 47. gxh4 Kh5 48. Bf3+ Kxh4 49. Bg4 Bf7 50. Kh2 Be8 51. Bc8 g5 52. Bg4 Bc6 53. e6 Be8 54. e7 Bc6 55. Be6 Be8 56. Bf5 Kh5 57. Kg3 Kh6 58. Kg4 Ba4 59. Be6 Bd1+ 60. Kf5 Bc2+ 61. Kf6 Ba4 62. Bf7 Bb5 63. e8=Q Bxe8 64. Bxe8 Kh7 65. Bg6+ Kh8 66. Bf5 Kg8 67. Kg6 Kh8 68. Kh6 Kg8 69. Be4 Kh8 70. Bg6 Kg8 71. Bh5 Kh8 72. Bg4 Kg8 73. Kg6 Kh8 74. Kf5 Kg8 75. Ke4 Kg7 76. Ke3 Kh6 77. Kd4 Kg7 78. Ke4 Kg8 79. Ke5 Kh8 80. Kf5 Kg8 81. Kf6 Kh8 82. Kg6 Kg8 83. Kxg5 Kg7 84. Bf5 Kh8 85. Kh6 Kg8 86. Bh7+ Kh8 87. h4 1/2-1/2


[Site "https://www.chess.com"]

[Event "Titled Tuesday Blitz February 01 B 2022"]
[White "Li, Ben"]
[Black "Araujo Sanchez, Josue"]
[WhiteFideId "2089980"]
[BlackFideId "6416896"]
[WhiteElo "2267"]
[BlackElo "2357"]
[Result "0-1"]
[Round "07"]
[TimeControl "180+1"]
[Date "2022.02.01"]
[WhiteClock "0:00:02"]
[BlackClock "0:00:11"]

1. d4 Nf6 2. c4 e6 3. Nf3 b6 4. a3 Bb7 5. Nc3 d5 6. cxd5 Nxd5 7. Qc2 Nxc3 8. bxc3 Nd7 9. e4 Rc8 10. Bd3 c5 11. Qe2 Bd6 12. O-O O-O 13. a4 Re8 14. Bd2 Qc7 15. Rfb1 e5 16. d5 c4 17. Bc2 a6 18. g3 Rb8 19. Nh4 Bf8 20. Nf5 Bc8 21. Ne3 b5 22. axb5 axb5 23. Rf1 Nf6 24. Ng2 Bg4 25. f3 Bc5+ 26. Kh1 Bh3 27. Bg5 Nd7 28. f4 f6 29. Bh4 Ra8 30. Rfb1 Rxa1 31. Rxa1 Ba7 32. Qh5 g6 33. Qe2 Kg7 34. Qf3 h5 35. fxe5 Rxe5 36. Rf1 Qb6 37. Rd1 Bg4 38. Qf1 Bxd1 39. Qxd1 Nc5 40. Nf4 Nd3 41. Bxd3 cxd3 42. Ne6+ Rxe6 43. dxe6 Qf2 44. e7 Kf7 45. h3 Kxe7 46. e5 d2 47. exf6+ Kf8 48. Qb3 Qg1# 0-1


[Site "https://www.chess.com"]

[Event "Titled Tuesday Blitz February 01 B 2022"]
[White "Loay, Sameer"]
[Black "Rustemov, Alexander"]
[WhiteFideId "8104239"]
[BlackFideId "4119002"]
[WhiteElo "2040"]
[BlackElo "2780"]
[Result "1-0"]
[Round "07"]
[TimeControl "180+1"]
[Date "2022.02.01"]
[WhiteClock "0:00:22"]
[BlackClock "0:00:13"]

1. Nf3 d5 2. g3 c6 3. Bg2 Bf5 4. O-O e6 5. d3 Nf6 6. Nbd2 h6 7. b3 Be7 8. Bb2 O-O 9. Qe1 a5 10. a4 Na6 11. e4 Bh7 12. Ne5 Nb4 13. Rc1 Qc7 14. f4 Rfd8 15. Kh1 Na2 16. Ra1 Nb4 17. Rc1 dxe4 18. dxe4 Na2 19. Ra1 Nb4 20. Rc1 b5 21. Qe2 bxa4 22. bxa4 Rab8 23. Ndc4 Na6 24. Bc3 Bb4 25. Bxb4 Nxb4 26. c3 Na6 27. f5 exf5 28. exf5 Re8 29. Bxc6 Qxc6+ 30. Nxc6 Rxe2 31. Nxb8 Nxb8 32. Nxa5 Re5 33. Rb1 Nbd7 34. Nc6 Rxf5 35. Ne7+ Kf8 36. Nxf5 Ne4 37. Rb7 Nec5 38. Ra7 f6 39. g4 Kf7 40. Rd1 Ke6 41. Rd6+ Ke5 42. Raxd7 Nxd7 43. Rxd7 g6 44. Rxh7 gxf5 45. gxf5 1-0


[Site "https://www.chess.com"]

[Event "Titled Tuesday Blitz February 01 B 2022"]
[White "Lysyj, Igor"]
[Black "Kollars, Dmitrij"]
[WhiteFideId "4150120"]
[BlackFideId "12909572"]
[WhiteElo "2611"]
[BlackElo "2584"]
[Result "0-1"]
[Round "07"]
[TimeControl "180+1"]
[Date "2022.02.01"]
[WhiteClock "0:00:18"]
[BlackClock "0:00:22"]

1. d4 Nf6 2. Nf3 e6 3. e3 b6 4. Bd3 Bb7 5. O-O d5 6. b3 Bd6 7. Bb2 O-O 8. Nbd2 Nbd7 9. c4 Re8 10. cxd5 exd5 11. Qc2 Qe7 12. Rac1 Ne4 13. Rfe1 h5 14. Bb5 c6 15. Bf1 Rac8 16. Nxe4 dxe4 17. Nd2 Nf6 18. g3 b5 19. Bh3 Rc7 20. a4 a6 21. Bc3 Bc8 22. Bg2 Bf5 23. Ba5 Rcc8 24. axb5 axb5 25. Ra1 Qe6 26. Bc3 Bh3 27. Bh1 h4 28. Qd1 Bg4 29. Qb1 Nd5 30. Bb2 Bf5 31. Ra6 Nb4 32. Ra7 Bb8 33. Rb7 Nd3 34. Rf1 Qh6 35. Rxb8 Rxb8 36. Bc3 hxg3 37. hxg3 b4 38. Ba1 Ra8 39. Qc2 Re6 40. d5 cxd5 41. Qc7 Qh5 42. Qb7 Rf8 43. Rb1 Rh6 44. Bg2 Qe2 0-1


[Site "https://www.chess.com"]

[Event "Titled Tuesday Blitz February 01 B 2022"]
[White "Mladenovic, Stefan"]
[Black "Urazayev, Arystanbek"]
[WhiteFideId "942227"]
[BlackFideId "13709810"]
[WhiteElo "2355"]
[BlackElo "2321"]
[Result "0-1"]
[Round "07"]
[TimeControl "180+1"]
[Date "2022.02.01"]
[WhiteClock "0:00:01"]
[BlackClock "0:00:31"]

1. d4 d5 2. c4 e6 3. Nc3 Nf6 4. Bg5 c6 5. e3 Nbd7 6. Nf3 h6 7. Bh4 g5 8. Bg3 Nh5 9. cxd5 exd5 10. Bd3 Nxg3 11. hxg3 Bg7 12. Qc2 Nb6 13. Rb1 Be6 14. b4 a6 15. a4 O-O 16. b5 cxb5 17. axb5 a5 18. Na4 Rc8 19. Nc5 Nd7 20. Nxe6 fxe6 21. Qa2 b6 22. Qe2 g4 23. Nh2 h5 24. Nxg4 hxg4 25. Qxg4 Qf6 26. f4 Kf7 27. f5 e5 28. Qf3 e4 29. Bxe4 dxe4 30. Qxe4 Qd6 31. Qg4 Rh8 32. Rxh8 Rxh8 33. Kf2 Rh6 34. Rc1 Nf6 35. Qf3 Qd5 36. Rc7+ Kg8 37. g4 Ne4+ 38. Kg1 Bxd4 39. Rc8+ Kf7 40. Rc7+ Ke8 41. Rc6 Bxe3+ 42. Qxe3 Qd1+ 0-1


[Site "https://www.chess.com"]